 Dungeon Crawl Stone Soup version 0.19.0-9-gfd783f2 (webtiles) character file.

172 6a6kaBkacke the Chopper (level 5, -1/47 HPs)
             Began as a Minotaur Berserker on Nov 8, 2016.
             Was a Believer of Trog.
             Slain by an orc priest
             ... wielding a +0 mace
              (5 damage)
             ... on level 4 of the Dungeon.
             The game lasted 00:08:11 (2544 turns).

6a6kaBkacke the Chopper (Minotaur Berserker)        Turns: 2544, Time: 00:08:11

Health: -1/47      AC: 11    Str: 23    XL:     5   Next: 27%
Magic:  4/4        EV:  4    Int:  4    God:    Trog [**....]
Gold:   217        SH:  8    Dex:  9    Spells: 0 memorised, 4 levels left

rFire  . . .     SeeInvis .     a - +0 hand axe
rCold  . . .     Gourm    .     m - +0 plate armour
rNeg   . . .     Faith    .     e - +0 shield (curse)
rPois  .         Spirit   .     (helmet restricted)
rElec  .         Reflect  .     (no cloak)
rCorr  .         Harm     .     (no gloves)
MR     +....                    (no boots)
Stlth  ..........               (no amulet)
                                (no ring)
                                o - ring of protection from magic

@: exhausted, slowed, very slow
A: retaliatory headbutt, horns 2
a: Berserk, Trog's Hand, Burn Spellbooks, Renounce Religion


You were on level 4 of the Dungeon.
You worshipped Trog.
Trog was pleased with you.
You were not hungry.

You visited 1 branch of the dungeon, and saw 4 of its levels.

You collected 217 gold pieces.

Inventory:

Hand Weapons
 a - a +0 hand axe (weapon)
Armour
 e - a cursed +0 shield (worn)
 m - a +0 plate armour (worn)
Jewellery
 o - a ring of protection from magic (left hand)
Wands
 s - a wand of iceblast (11/15)
Scrolls
 b - a scroll of fog {unknown}
 f - 5 scrolls of identify {unknown}
 g - a scroll of blinking {unknown}
 j - a scroll of amnesia {unknown}
 l - a scroll of enchant armour {unknown}
 r - a scroll of random uselessness {unknown}
Potions
 h - a potion of agility {unknown}
 k - a potion of flight {unknown}
 n - a potion of brilliance {unknown}
 p - a potion of curing {unknown}
 q - a potion of degeneration {unknown}
Comestibles
 c - 3 bread rations
 i - 3 meat rations


   Skills:
 * Level 4.5 Fighting
 * Level 5.4 Axes
 * Level 3.8 Armour
 + Level 2.5 Dodging
 + Level 0.5 Stealth
 + Level 0.8 Shields


You had 4 spell levels left.
You didn't know any spells.

Dungeon Overview and Level Annotations

Branches:
Dungeon (4/15)
 Temple: D:4-7

Altars:
Gozag
Ru
Sif Muna
Trog
Yredelemnul


Innate Abilities, Weirdness & Mutations

You reflexively headbutt those who attack you in melee.
You have a pair of horns on your head.


Message History

The orc warrior is severely wounded.
The orc warrior completely misses you.
You closely miss the orc warrior.
The orc warrior is severely wounded.
The orc warrior hits you with a scimitar.
* * * LOW HITPOINT WARNING * * *
You hit the orc warrior. Your headbutt misses the orc warrior.
The orc warrior is almost dead.
You hit the orc warrior.
You kill the orc warrior!
Trog accepts your kill.
Your Axes skill increases to level 5!
You have reached level 5!
You feel a strong urge to attack something.
You feel your anger subside.
You are no longer berserk.
You are exhausted.
You feel yourself slow down.
The orc priest hits you but does no damage.
The orc priest hits you with a mace.
You die...

##.# #.# #.#....# .#.# #.#
#.#o...# .#.# #.# #.#)...#
.#.# #####.# #.#....# ...#
##...#.####.#....#.#
.######....#...............
........_.......o.#.#.##..#
......#...####))o.....# ..#
#####.#......#[.@.#...# .#
....# ##.###.######...##..#
#.### #.# #..............#
.. #.# ########†..###.# ##
#.###......#.......#
#......#...#..######
###############.###..#
.....................#
###############.####.#


You could see an orc priest and an orc.

Vanquished Creatures
  An orc warrior (D:4)
  2 adders
  A worm (D:3)
  2 dart slugs (D:4)
  A leopard gecko (D:2)
  5 orcs (D:4)
  A ball python (D:1)
  2 giant cockroaches
  6 hobgoblins
  2 quokkas (D:2)
  9 bats
  A frilled lizard (D:1)
  6 goblins
  7 kobolds
  9 rats
55 creatures vanquished.

Notes
Turn   | Place    | Note
-------+----------+-------------------------------------------
     0 | D:1      | 6a6kaBkacke the Minotaur Berserker began the quest for the Orb.
     0 | D:1      | Reached XP level 1. HP: 19/19 MP: 0/0
   478 | D:1      | Reached XP level 2. HP: 27/27 MP: 1/1
  1000 | D:1      | Reached skill level 4 in Axes
  1166 | D:2      | Reached XP level 3. HP: 19/33 MP: 2/2
  1197 | D:2      | Found a bloodstained altar of Trog.
  1201 | D:2      | Reached ** piety under Trog
  1872 | D:3      | Found a faded altar of an unknown god.
  1872 | D:3      | Found a faded altar of an unknown god.
  1877 | D:3      | Found a faded altar of an unknown god.
  1879 | D:3      | Found a sacrificial altar of Ru.
  1881 | D:3      | Found a basalt altar of Yredelemnul.
  2075 | D:3      | Found a deep blue altar of Sif Muna.
  2178 | D:3      | Reached XP level 4. HP: 41/41 MP: 3/3
  2361 | D:4      | Found an opulent altar of Gozag.
  2522 | D:4      | Noticed an orc warrior
  2534 | D:4      | HP: 2/61 [orc warrior/scimitar (5)]
  2536 | D:4      | Killed an orc warrior
  2536 | D:4      | Reached skill level 5 in Axes
  2536 | D:4      | Reached XP level 5. HP: 3/47 MP: 4/4
  2544 | D:4      | Slain by an orc priest

Skill      XL: |  1  2  3  4 |
---------------+-------------+-----
Fighting       | 4 |  4.5
Axes           | 4 5 |  5.4
Armour         | 3 |  3.8
Dodging        | |  2.5
Stealth        | |  0.5
Shields        | |  0.8

Action                   |  1- 3 |  4- 6 || total
-------------------------+-------+-------++-------
Melee: Hand axe          |    91 |    32 ||   123
       Headbutt          |    11 |     8 ||    19
  Use: Potion            |       |     1 ||     1
  Eat: Chunk             |     3 |       ||     3
       Bread ration      |       |     1 ||     1
Armor: Animal skin       |     3 |       ||     3
       Leather armour    |     5 |       ||     5
       Plate armour      |    20 |    16 ||    36
Dodge: Dodged            |    35 |     3 ||    38
Block: Shield            |    38 |    10 ||    48
